 Dungeon Crawl Stone Soup version 0.18-b1-18-g7758cf2 (webtiles) character file.

51264 MTVSty1e the Protected (level 14, -5/127 HPs)
             Began as a Minotaur Fighter on May 2, 2016.
             Was the Champion of Okawaru.
             Killed from afar by an acid blob (11 damage)
             ... with a splash of acid
             ... on level 7 of the Lair of Beasts.
             The game lasted 01:23:10 (19613 turns).

MTVSty1e the Protected (Minotaur Fighter)          Turns: 19613, Time: 01:23:11

Health: -5/127     AC:  4    Str: 32    XL:     14   Next: 22%
Magic:  17/17      EV: 13    Int:  5    God:    Okawaru [******]
Gold:   1476       SH: 14    Dex: 13    Spells: 0 memorised, 13 levels left

rFire  + . .     SeeInvis .     M - +7 flail of the Fool {crush, *Confuse rElec rN+++ Str+7}
rCold  . . .     Gourm    .     x - +1 plate armour
rNeg   + + +     Faith    .     F - +0 shield "Niycsagg" {rF+ Regen+ Dex+2 Stlth-}
rPois  .         Spirit   .     (helmet restricted)
rElec  +         Dismiss  .     e - +2 cloak {+Inv}
rCorr  .         Reflect  .     o - +0 pair of gloves
SustAt .         Harm     .     (no boots)
MR     +....                    L - amulet of regeneration
Stlth  ..........               (no ring)
                                y - +2 ring of protection

@: corroded, very slightly contaminated, hasted, very quick, somewhat resistant
to hostile enchantments, extremely unstealthy
A: retaliatory headbutt, horns 2
a: Heroism, Finesse, Renounce Religion, Evoke Invisibility


You were on level 7 of the Lair of Beasts.
You worshipped Okawaru.
Okawaru was exalted by your worship.
You were full.

You visited 3 branches of the dungeon, and saw 20 of its levels.
You also visited: Sewer and Volcano.

You collected 1476 gold pieces.

Inventory:

Hand Weapons
 z - a +2 hand axe of flaming
 M - the +7 flail of the Fool (weapon) {crush, *Confuse rElec rN+++ Str+7}
   (You found it on level 8 of the Dungeon)

   It inflicts extra damage upon your enemies.
   It affects your strength (+7).
   It insulates you from electricity.
   It renders you almost immune to negative energy.
   It may confuse you when you take damage.
 Z - a +3 demon trident
Armour
 e - a +2 cloak of invisibility (worn)
 o - a +0 pair of gloves (worn)
 x - a +1 plate armour (worn)
 D - a +1 scale mail of fire resistance
 F - the +0 shield "Niycsagg" (worn) {rF+ Regen+ Dex+2 Stlth-}
   (Okawaru gifted it to you on level 4 of the Lair of Beasts)

   It affects your dexterity (+2).
   It protects you from fire.
   It increases your rate of regeneration.
   It makes you less stealthy.
 J - a +0 ring mail of cold resistance
 T - a +2 buckler of reflection
 X - a +0 cloak of poison resistance
Jewellery
 c - an uncursed ring of ice
 g - an uncursed ring of fire
 y - a +2 ring of protection (left hand)
 I - an uncursed ring of protection from magic
 K - a +4 amulet of reflection
 L - an amulet of regeneration (around neck)
 N - an uncursed ring of see invisible
 O - an uncursed ring of resist corrosion
Wands
 d - a wand of digging (10/24)
 t - a wand of acid (7/15)
 v - a wand of lightning (4/15)
 Q - a wand of confusion (31/48)
 R - a wand of disintegration (4/24)
 V - a wand of paralysis (6/24)
 Y - a wand of polymorph (14/24)
Scrolls
 a - a scroll of immolation
 b - 2 scrolls of fog
 k - 2 scrolls of remove curse
 l - 5 scrolls of enchant weapon
 p - 5 scrolls of recharging
 q - 10 scrolls of teleportation
 s - a scroll of magic mapping
 H - a scroll of amnesia
 S - 3 scrolls of enchant armour
Potions
 f - 4 potions of flight
 h - 5 potions of brilliance
 i - 2 potions of resistance
 j - 3 potions of cancellation
 r - 3 potions of haste
 u - 4 potions of curing
 A - a potion of invisibility
 B - 2 potions of berserk rage
 G - 2 potions of magic
 P - 3 potions of ambrosia
 U - a potion of agility
 W - 3 potions of lignification
Comestibles
 m - 22 fruits
 n - 11 meat rations
 w - 8 bread rations
 C - a slice of pizza
 E - 4 beef jerkies


   Skills:
 * Level 12.7 Fighting
 - Level 8.8(11.8) Axes
 * Level 12.7(13.7) Maces & Flails
 * Level 13.4 Armour
 * Level 9.9 Dodging
 - Level 0.3 Stealth
 + Level 12.7 Shields
 - Level 0.2 Invocations
 - Level 6.6 Evocations


You had 13 spell levels left.
You didn't know any spells.

Dungeon Overview and Level Annotations

Branches:
Dungeon (12/15)            Temple (1/1) D:4            Lair (7/8) D:10
 Shoals (0/4) Lair:4        Snake (0/4) Lair:5          Orc (0/2) D:11
  Slime: Lair:6-8

Altars:
Ashenzari
Cheibriados
Dithmenos
Elyvilon
Fedhas
Gozag
Kikubaaqudgha
Makhleb
Nemelex Xobeh
Okawaru
Pakellas
Qazlal
Ru
Sif Muna
Trog
Vehumet
Xom
Yredelemnul
Zin
The Shining One

Shops:
D:5 !   D:11 }


Innate Abilities, Weirdness & Mutations

You reflexively headbutt those who attack you in melee.
You have a pair of horns on your head.


Message History

The acid blob is almost dead.
The acid blob spits acid at you. The splash of acid hits you!
The acid corrodes you!
The acid burns!
You completely miss the acid blob.
The acid blob is almost dead.
The acid blob hits you!!
* * * LOW HITPOINT WARNING * * *
You are splashed with acid!
The acid burns!
* * * LOW HITPOINT WARNING * * *
Drink which item? (? for menu, Esc to quit)
You feel yourself speed up. The acid blob spits acid at you.
The splash of acid hits you!
* * * LOW HITPOINT WARNING * * *
The acid corrodes you!
The acid burns!
* * * LOW HITPOINT WARNING * * *
You are very lightly contaminated with residual magic.
The acid blob spits acid at you. The splash of acid hits you!
You die...

.......####...## #.........
#..(....###....## ##........
##.........#....# #.........
#.#.......##....## ##P.......
...........#....P##### #.........
.................#.#.# #.......(.
..................#.####..#.....#
.....................#...........
..............J.@.......#.#......
.................................
....†............................
.................................
.................................
.......[.................PP#....P
.......................>........P
...............P......P###P....P.
..............PP........##......#


You could see an acid blob.

Vanquished Creatures
  Maud (Lair:5)
  Erolcha (D:9)
  7 hydras
  A fire crab (Volcano)
  An unseen horror (D:11)
  5 wizards (D:11)
  A lindwurm (Lair:7)
  2 hill giants (D:10)
  3 griffons
  A cyclops (D:11)
  2 slime creatures (D:12)
  3 manticores
  A toenail golem (Volcano)
  4 black mambas
  9 elephants
  Joseph (D:9)
  Maurice (D:9)
  Psyche (D:9)
  2 gargoyles
  14 spiny frogs
  5 komodo dragons
  2 molten gargoyles (Volcano)
  5 rime drakes (Lair:7)
  An efreet (D:11)
  4 trolls
  A polar bear (Lair:4)
  18 blink frogs
  A boulder beetle (Lair:6)
  A wraith (D:12)
  2 wyverns (D:12)
  A spriggan (Lair:4)
  A basilisk (Lair:3)
  27 yaks
  8 hippogriffs
  A fire elemental (Volcano)
  2 hungry ghosts (D:10)
  4 wargs
  3 nagas (Lair:5)
  A hell hound (Volcano)
  11 water moccasins
  7 porcupines
  4 ice beasts
  2 sky beasts
  3 orc warriors
  2 black bears
  10 ogres
  8 boggarts (D:11)
  2 eyes of draining (D:11)
  7 wolves
  5 centaurs
  The ghost of unh01y the Sneak, an amateur OpAs (D:4)
  4 crocodiles
  The ghost of skk the Charmwright, an amateur DESk (D:3)
  6 big kobolds
  Blork the orc (D:5)
  10 giant frogs
  A water moccasin zombie (D:11)
  7 scorpions
  10 killer bees
  A vampire bat (D:7)
  19 wights
  6 howler monkeys
  3 lava snakes (Volcano)
  10 crimson imps
  A centaur zombie (D:9)
  3 hounds
  2 centaur skeletons
  6 orc priests
  4 jellies
  11 orc wizards
  9 iguanas
  18 worker ants
  A killer bee zombie (D:9)
  9 sheep
  2 hound skeletons
  4 gnolls (D:3)
  19 adders
  33 river rats
  6 oozes
  An adder skeleton (D:7)
  3 adder zombies
  3 worms
  3 giant geckos
  34 orcs
  7 ball pythons
  2 bat skeletons (D:7)
  2 bat zombies (D:7)
  A giant cockroach (D:3)
  11 goblins
  5 hobgoblins
  18 jackals
  19 kobolds
  4 quokkas
  10 bats
  8 giant newts
  2 gnoll zombies (D:5)
  2 quokka skeletons
  9 rats
  A fungus (Lair:5)
563 creatures vanquished.

Vanquished Creatures (others)
  A hungry ghost (D:3)
  A sky beast (D:11)
  2 centaurs
  A centaur skeleton (D:11)
  A howler monkey skeleton (D:11)
  2 orcs
  8 fungi
  3 plants
19 creatures vanquished.

Grand Total: 582 creatures vanquished

Notes
Turn   | Place    | Note
--------------------------------------------------------------
     0 | D:1      | MTVSty1e the Minotaur Fighter began the quest for the Orb.
     0 | D:1      | Reached XP level 1. HP: 19/19 MP: 0/0
   202 | D:1      | Reached XP level 2. HP: 26/27 MP: 1/1
   510 | D:2      | Reached skill level 1 in Dodging
   550 | D:2      | Reached XP level 3. HP: 26/33 MP: 2/2
   823 | D:2      | Reached XP level 4. HP: 31/40 MP: 3/3
   948 | D:3      | Found a sacrificial altar of Ru.
  1027 | D:3      | Noticed skk's ghost (amateur DESk)
  1033 | D:3      | Killed skk's ghost
  1033 | D:3      | Reached skill level 4 in Armour
  1033 | D:3      | Reached XP level 5. HP: 44/46 MP: 4/4
  1358 | D:3      | Found a snail-covered altar of Cheibriados.
  1481 | D:3      | Reached XP level 6. HP: 38/53 MP: 5/5
  1491 | D:3      | Found an oddly glowing altar of Pakellas.
  1492 | D:3      | Noticed a hungry ghost
  1508 | D:3      | Killed a hungry ghost
  1636 | D:4      | Found a staircase to the Ecumenical Temple.
  1733 | D:4      | Reached skill level 5 in Shields
  1740 | D:4      | Found a glowing drain.
  1749 | Sewer    | Entered a sewer
  2235 | Sewer    | Reached skill level 1 in Evocations
  2543 | Sewer    | Reached skill level 5 in Fighting
  2543 | Sewer    | Reached skill level 5 in Armour
  2543 | Sewer    | Reached XP level 7. HP: 44/61 MP: 7/7
  2905 | D:4      | Found a shimmering altar of Xom.
  3037 | D:4      | Reached skill level 5 in Axes
  3056 | D:4      | Noticed unh01y's ghost (amateur OpAs)
  3063 | D:4      | Killed unh01y's ghost
  3441 | D:4      | Reached skill level 6 in Armour
  3598 | Temple   | Entered the Ecumenical Temple
  3655 | Temple   | Became a worshipper of Warmaster Okawaru
  3697 | D:5      | Entered Level 5 of the Dungeon
  3718 | D:5      | Reached XP level 8. HP: 56/70 MP: 8/8
  3782 | D:5      | Found a basalt altar of Yredelemnul.
  3902 | D:5      | Noticed Blork the orc
  3909 | D:5      | Killed Blork the orc
  3921 | D:5      | Found Xuphopp's Distillery.
  4028 | D:5      | Reached * piety under Okawaru
  4223 | D:5      | Found a blossoming altar of Fedhas.
  4243 | D:5      | Found a radiant altar of Vehumet.
  4513 | D:6      | Reached skill level 7 in Armour
  4752 | D:6      | Found a stormy altar of Qazlal.
  4847 | D:6      | Reached XP level 9. HP: 78/78 MP: 10/10
  5608 | D:7      | Reached ** piety under Okawaru
  6027 | D:7      | Found an ancient bone altar of Kikubaaqudgha.
  6493 | D:8      | Reached skill level 8 in Armour
  6786 | D:8      | Reached skill level 5 in Dodging
  6823 | D:8      | Identified a scroll of acquirement
  7280 | D:8      | Got a slimy flail
  7286 | D:8      | Identified the +7 flail of the Fool {crush, *Confuse rElec rN+++ Str+7} (You found it on level 8 of the Dungeon)
  7513 | D:9      | Reached *** piety under Okawaru
  7552 | D:9      | Reached XP level 10. HP: 80/86 MP: 12/12
  7571 | D:9      | Found a bloodstained altar of Trog.
  7811 | D:9      | Reached skill level 1 in Maces & Flails
  7877 | D:9      | Noticed Psyche
  7883 | D:9      | Killed Psyche
  7897 | D:9      | Noticed Joseph
  7907 | D:9      | Killed Joseph
  7907 | D:9      | Reached **** piety under Okawaru
  7921 | D:9      | Reached skill level 9 in Armour
  8083 | D:9      | Noticed Erolcha
  8094 | D:9      | Killed Erolcha
  8544 | D:9      | Noticed Maurice
  8557 | D:9      | Killed Maurice
  8557 | D:9      | Reached ***** piety under Okawaru
  8557 | D:9      | Reached skill level 5 in Evocations
  9010 | D:10     | Entered Level 10 of the Dungeon
  9109 | D:10     | Received a gift from Okawaru
  9301 | D:10     | Noticed a gargoyle
  9302 | D:10     | Found a staircase to the Lair.
  9330 | D:10     | Killed a gargoyle
  9330 | D:10     | Reached XP level 11. HP: 43/95 MP: 13/13
  9564 | D:10     | Noticed a hill giant
  9570 | D:10     | Killed a hill giant
  9570 | D:10     | Reached skill level 5 in Maces & Flails
  9879 | D:10     | Noticed a hill giant
  9890 | D:10     | Reached skill level 10 in Armour
  9896 | D:10     | Killed a hill giant
 10188 | D:11     | Got a faintly humming leather armour
 10222 | D:11     | Noticed a wizard
 10222 | D:11     | Noticed a hill giant
 10234 | D:11     | Killed a wizard
 10244 | D:11     | Noticed a wizard
 10251 | D:11     | Killed a wizard
 10314 | D:11     | Noticed a wizard
 10349 | D:11     | Killed a wizard
 10415 | D:11     | Noticed a wizard
 10435 | D:11     | Killed a wizard
 10611 | D:11     | Noticed a wizard
 10617 | D:11     | Killed a wizard
 10617 | D:11     | Reached skill level 10 in Shields
 10747 | D:11     | Found a staircase to the Orcish Mines.
 10757 | D:11     | Received a gift from Okawaru
 11082 | D:11     | Found Izus's Gadget Emporium.
 11198 | D:11     | Noticed a seven-headed hydra
 11222 | D:11     | Killed a seven-headed hydra
 11505 | D:11     | Killed an unseen horror
 11505 | D:11     | Reached skill level 10 in Fighting
 11518 | D:11     | Reached XP level 12. HP: 70/106 MP: 1/15
 11861 | D:12     | Reached skill level 11 in Armour
 12792 | Lair:1   | Entered Level 1 of the Lair of Beasts
 13757 | Lair:2   | Received a gift from Okawaru
 14574 | Lair:3   | Noticed a seven-headed hydra
 14579 | Lair:3   | Killed a seven-headed hydra
 14579 | Lair:3   | Received a gift from Okawaru
 14676 | Lair:3   | Reached skill level 12 in Armour
 14964 | Lair:3   | Found a dark tunnel.
 14971 | Volcano  | Entered a volcano
 15258 | Volcano  | Found a burning altar of Makhleb.
 15272 | Volcano  | Reached XP level 13. HP: 95/116 MP: 14/16
 15353 | Volcano  | Reached skill level 10 in Maces & Flails
 16257 | Lair:4   | Found a staircase to the Shoals.
 16307 | Lair:4   | Received a gift from Okawaru
 16322 | Lair:4   | Got a faintly humming shield {god gift}
 16333 | Lair:4   | Identified the +0 shield "Niycsagg" {rF+ Regen+ Dex+2 Stlth-} (Okawaru gifted it to you on level 4 of the Lair of Beasts)
 17096 | Lair:5   | Noticed Maud
 17115 | Lair:5   | Killed Maud
 17295 | Lair:5   | Found a staircase to the Snake Pit.
 17534 | Lair:5   | Reached skill level 13 in Armour
 18191 | Lair:6   | Reached XP level 14. HP: 123/127 MP: 17/17
 18198 | Lair:6   | Received a gift from Okawaru
 19043 | Lair:7   | Reached ****** piety under Okawaru
 19598 | Lair:7   | Noticed an acid blob
 19601 | Lair:7   | Received a gift from Okawaru
 19612 | Lair:7   | HP: 5/127 [acid (8)]
 19613 | Lair:7   | Killed from afar by an acid blob

Skill      XL: |  1  2  3  4  5  6  7  8  9 10 11 12 13 |
---------------+----------------------------------------+-----
Dodging        | 1 2 3 4 5 6 7 8 9 |  9.9
Shields        | 4 5 6 7 9 10 11 12 | 12.7
Axes           | 3 4 5 7 8 |  8.8
Fighting       | 4 5 6 7 8 10 11 12 | 12.7
Armour         | 4 5 6 7 8 9 10 12 13 | 13.4
Evocations     | 1 2 3 4 5 6 |  6.6
Maces & Flails | 4 7 9 12 | 12.7
Stealth        | |  0.3
Invocations    | |  0.2

Action                   |  1- 3 |  4- 6 |  7- 9 | 10-12 | 13-15 || total
-------------------------+-------+-------+-------+-------+-------++-------
Melee: War axe           |    77 |   170 |   109 |       |       ||   356
       Headbutt          |    12 |    24 |    98 |   125 |   147 ||   406
       Hand axe          |       |       |   332 |       |       ||   332
       Flail             |       |       |    30 |   576 |   434 ||  1040
Invok: Heroism           |       |       |     2 |    15 |    13 ||    30
Evoke: Wand              |       |       |       |     4 |     2 ||     6
       Deck              |       |       |       |       |     1 ||     1
  Use: Scroll            |     3 |     2 |    10 |     7 |    11 ||    33
       Potion            |       |     2 |     1 |     3 |     2 ||     8
  Eat: Bread ration      |       |     1 |     3 |     1 |       ||     5
       Pizza             |       |     1 |       |       |       ||     1
       Royal jelly       |       |       |     2 |       |       ||     2
       Fruit             |       |       |     3 |       |       ||     3
       Beef jerky        |       |       |       |     4 |     1 ||     5
       Meat ration       |       |       |       |     4 |     3 ||     7
Armor: Scale mail        |    79 |    58 |    32 |       |       ||   169
       Plate armour      |       |       |   198 |   261 |   173 ||   632
Dodge: Dodged            |    47 |    60 |   135 |   225 |   166 ||   633
Block: Shield            |    67 |    94 |   261 |    80 |   304 ||   806
       Buckler           |       |       |       |   359 |    70 ||   429
       Reflection        |       |       |       |    20 |     8 ||    28
